Map: Echo LE (Void)

Players

lIlIlIlIlI (Nina) - Winner!

  • Race: Protoss Protoss

JonSnow

  • Race: Zerg Zerg

Event: Team Gravity's Fight Night #13

VOD

https://www.youtube.com/watch?v=8zqqsS00DPA&list=PL_BOlLcv8KbhFbvTakl6AYJq-DW01oMw_

Description

Time

  • Played on: April 5, 2015, 5:16 p.m.
  • Length: 14:30

All games in this series

Show
View Real Time Build Order
Export as new Build Order

lIlIlIlIlI Protoss - Winner!

Build Orders: Nexus First 

Get SALT Encoding   

  12  0:01  Probe  
  13  0:15  Pylon  
  13  0:17  Probe  
  14  0:33  Probe (Chrono Boost)  
  16  0:43  Probe (Chrono Boost)  
  16  0:54  Nexus  
  16  0:57  Probe  
  17  1:08  Gateway  
  17  1:11  Probe (Chrono Boost)  
  18  1:21  Probe (Chrono Boost)  
  19  1:25  Assimilator  
  19  1:28  Probe (Chrono Boost), Assimilator  
  20  1:38  Pylon  
  20  1:40  Probe (Chrono Boost)  
  20  1:49  Probe (Chrono Boost)  
  21  1:57  Cybernetics Core, Probe  
  22  2:07  Probe (Chrono Boost)  
  23  2:14  Probe (Chrono Boost)  
  24  2:19  Probe (Chrono Boost)  
  26  2:24  Probe (Chrono Boost)  
  26  2:25  Probe (Chrono Boost)  
  27  2:33  Stalker  
  27  2:34  Probe (Chrono Boost), Warp Gate  
  30  2:37  Mothership Core (Chrono Boost)  
  32  2:46  Probe (Chrono Boost)  
  33  2:52  Probe x2 (Chrono Boost)  
  33  2:58  Pylon  
  35  3:03  Probe x2  
  37  3:15  Robotics Facility  
  37  3:16  Probe (Chrono Boost)  
  37  3:18  Probe (Chrono Boost)  
  37  3:19  Gateway  
  39  3:20  Forge  
  39  3:21  Sentry  
  39  3:27  Probe (Chrono Boost)  
  43  3:28  Probe (Chrono Boost)  
  43  3:33  Assimilator  
  45  3:34  Assimilator  
  45  3:35  Probe x2 (Chrono Boost)  
  45  3:44  Pylon  
  45  3:45  Probe (Chrono Boost)  
  45  3:46  Probe (Chrono Boost)  
  45  3:48  Sentry  
  49  3:55  Probe (Chrono Boost)  
  51  3:56  Probe (Chrono Boost)  
  51  4:01  Probe  
  52  4:04  Probe  
  55  4:13  Probe  
  55  4:15  Robotics Bay  
  55  4:16  Probe, Protoss Ground Weapons Level 1  
  57  4:23  Gateway  
  55  4:25  Gateway, Probe  
  55  4:29  Pylon  
  55  4:30  Probe  
  57  4:31  Warp Prism (Chrono Boost)  
  57  4:38  Probe  
  60  4:39  Pylon  
  60  4:44  Pylon  
  60  4:47  Probe  
  60  4:49  Stalker  
  60  4:52  Stalker  
  65  5:06  Nexus, Disruptor  
  69  5:11  Pylon  
  69  5:13  Disruptor (Chrono Boost), Gravitic Drive  
  69  5:17  Probe  
  70  5:23  Stalker x3  
  71  5:31  Disruptor  
  71  5:48  Stalker x2  
  75  5:56  Stalker  
  66  6:15  Stalker x2  
  64  6:32  Pylon  
  64  6:35  Assimilator  
  64  6:37  Zealot, Assimilator  
  70  6:44  Nexus  
  70  6:46  Disruptor (Chrono Boost)  
  70  6:49  Probe  
  70  6:52  Photon Cannon  
  71  6:57  Pylon  
  71  6:58  Gateway  
  71  6:59  Gateway  
  71  7:02  Probe  
  71  7:06  Twilight Council  
  72  7:10  Probe  
  73  7:20  Probe  
  73  7:21  Gateway x2  
  74  7:23  Observer (Chrono Boost)  
  74  7:24  Zealot  
  74  7:25  Zealot x2  
  74  7:26  Probe  
  82  7:32  Probe  
  83  7:39  Disruptor  
  83  7:41  Probe  
  83  7:42  Blink (Chrono Boost), Assimilator  
  84  7:49  Probe  
  85  7:53  Probe  
  85  7:57  Zealot x3  
  85  7:58  Probe  
  97  7:59  Disruptor (Chrono Boost)  
  97  8:01  Probe  
  97  8:03  Disruptor  
  94  8:05  Stalker x2  
  97  8:17  Stalker  
  97  8:18  Stalker  
  101  8:20  Probe  
  101  8:22  Probe  
  103  8:35  Disruptor x2  
  103  8:45  Probe  
  103  8:46  Pylon  
  103  8:47  Pylon  
  104  8:50  Probe, Pylon  
  104  8:51  Probe  
  104  8:53  Protoss Ground Weapons Level 2 (Chrono Boost)  
  104  8:54  Pylon  
  104  8:55  Pylon  
  106  8:56  Photon Cannon  
  106  8:57  Photon Cannon  
  106  8:59  Disruptor x2  
  106  9:04  Probe x2  
  106  9:05  Probe  
  113  9:10  Disruptor  
  113  9:16  Probe x2  
  115  9:17  Stalker x2  
  115  9:18  Stalker  
  115  9:23  Pylon  
  121  9:30  Nexus  
  121  9:41  Stalker x4, Pylon  
  121  9:42  Stalker x2  
  121  9:44  Disruptor  
  133  9:47  Observer  
  133  9:52  Photon Cannon  
  134  9:53  Pylon  
  134  9:54  Disruptor  
  134  10:02  Probe  
  134  10:04  Stalker x3  
  134  10:06  Disruptor, Pylon  
  113  10:44  Stalker x5  
  113  10:45  Stalker x2  
  127  10:51  Disruptor  
  116  11:05  Disruptor  
  116  11:07  Stalker x2  
  116  11:08  Stalker x5  
  130  11:14  Templar Archives  
  130  11:19  Disruptor  
  130  11:32  Stalker x3  
  134  11:33  Stalker x4  
  134  11:35  Probe  
  143  11:41  Disruptor  
  143  11:46  Disruptor  
  143  11:48  Disruptor (Chrono Boost)  
  143  11:58  Stalker x3  
  143  11:59  Stalker x4  
  157  12:02  Assimilator  
  157  12:03  Assimilator  
  157  12:05  Disruptor  
  161  12:24  Disruptor  
  161  12:25  Stalker x3  
  161  12:26  Stalker x3  
  173  12:45  Disruptor x2  
  173  12:54  Robotics Facility  
  173  13:03  Stalker x2  
  176  13:08  Pylon x2  
  176  13:09  Pylon  
  176  13:10  Pylon  
  176  13:15  Observer  
  176  13:16  Disruptor  
  172  13:25  Stalker x3  
  172  13:26  Stalker x3  
  178  13:43  Disruptor  
  178  13:45  Disruptor  
  178  13:46  Nexus, Pylon  
  178  13:47  Observer, Pylon  
  173  13:59  Stalker  
  173  14:00  Stalker x6  
  185  14:07  Pylon  
  185  14:08  Photon Cannon  
Show
View Real Time Build Order
Export as new Build Order

JonSnow Zerg 

Build Orders: Hatch First, Roach Nydus 

Get SALT Encoding   

  12  0:00  Drone  
  13  0:12  Overlord  
  13  0:18  Drone  
  14  0:31  Drone x2  
  16  0:38  Drone  
  17  0:51  Hatchery  
  17  0:55  Drone  
  17  1:09  Spawning Pool  
  17  1:10  Drone  
  17  1:15  Drone  
  18  1:19  Overlord  
  18  1:30  Drone  
  19  1:48  Drone  
  19  1:49  Drone  
  21  1:57  Queen  
  21  2:00  Zergling x2  
  24  2:03  Queen  
  24  2:04  Drone  
  24  2:07  Extractor  
  26  2:09  Extractor  
  26  2:13  Drone  
  26  2:15  Overlord  
  26  2:21  Drone  
  27  2:25  Drone  
  28  2:32  Drone, Queen  
  31  2:38  Drone  
  31  2:39  Queen  
  31  2:44  Overlord  
  34  2:47  Drone  
  35  2:54  Drone  
  35  2:57  Drone  
  36  3:07  Drone x5  
  41  3:15  Lair  
  41  3:23  Roach Warren  
  41  3:25  Drone  
  41  3:27  Drone  
  41  3:28  Extractor  
  41  3:29  Drone  
  41  3:31  Drone  
  43  3:36  Drone x2  
  43  3:40  Drone x2  
  47  3:42  Drone  
  47  3:46  Overlord, Extractor  
  47  3:49  Drone  
  47  3:51  Drone  
  49  4:02  Overlord  
  49  4:03  Overlord  
  49  4:05  Roach x2  
  53  4:11  Roach x2  
  53  4:15  Roach  
  59  4:26  Nydus Network  
  59  4:27  Ravager x2  
  59  4:29  Roach x4  
  68  4:32  Ravager  
  68  4:34  Overlord  
  68  4:37  Roach  
  71  4:44  Overlord, Ravager  
  72  4:48  Drone x3  
  75  5:04  Nydus Canal  
  75  5:06  Roach x5  
  85  5:09  Roach  
  85  5:10  Roach  
  85  5:14  Overlord, Roach  
  91  5:29  Overlord x2  
  91  5:35  Ravager x3  
  76  5:46  Roach x5  
  86  5:56  Roach, Queen x2  
  81  6:04  Roach x2  
  69  6:17  Roach x2  
  71  6:25  Roach x2  
  69  6:27  Evolution Chamber  
  69  6:28  Glial Reconstitution  
  69  6:30  Drone  
  69  6:32  Queen  
  69  6:33  Hatchery  
  69  6:34  Drone  
  69  6:38  Ravager x5  
  72  6:51  Roach x3  
  72  6:53  Zerg Missile Weapons Level 1  
  78  6:54  Overseer  
  78  6:58  Overlord  
  80  7:01  Roach  
  80  7:02  Ravager  
  80  7:05  Ravager  
  80  7:07  Drone x5  
  87  7:08  Drone x2  
  87  7:09  Drone  
  87  7:11  Drone  
  87  7:15  Ravager  
  92  7:19  Drone  
  93  7:28  Ravager x2  
  95  7:33  Roach x3  
  101  7:39  Roach  
  101  7:41  Hatchery, Extractor x2  
  100  7:44  Roach x2  
  100  7:48  Roach  
  106  7:54  Roach  
  106  7:55  Roach x2  
  106  7:58  Roach  
  114  8:06  Roach x2  
  114  8:07  Roach  
  120  8:18  Roach x6  
  96  8:42  Roach x6  
  96  8:43  Roach x5  
  118  8:52  Zerg Missile Weapons Level 2  
  118  8:57  Drone x2  
  118  8:58  Drone x2  
  118  9:00  Drone x3  
  125  9:04  Ravager  
  125  9:05  Ravager  
  127  9:15  Spore Crawler  
  127  9:16  Spore Crawler  
  118  9:17  Spore Crawler  
  118  9:19  Roach x2  
  118  9:21  Ravager  
  128  9:29  Overlord  
  120  9:42  Drone x3  
  120  9:43  Drone x3  
  126  9:46  Overseer  
  126  9:47  Ravager, Extractor  
  126  9:48  Overlord, Ravager x3  
  126  9:49  Overlord x2  
  129  9:55  Zergling x2  
  129  9:56  Ravager x2  
  129  9:57  Ravager  
  133  10:03  Roach  
  133  10:04  Overlord  
  133  10:05  Overlord x2  
  121  10:22  Roach x8  
  121  10:26  Roach  
  135  10:35  Roach x4  
  122  10:42  Roach x4  
  120  10:44  Ravager  
  118  10:58  Roach x6  
  130  11:05  Roach x3  
  130  11:09  Zerg Ground Armor Level 1  
  136  11:14  Ravager  
  136  11:15  Overseer  
  136  11:18  Drone  
  138  11:19  Drone x4  
  138  11:22  Roach  
  144  11:31  Roach x4  
  138  11:43  Roach x5  
  138  11:44  Roach  
  140  11:50  Roach x3  
  144  11:58  Roach x3  
  144  11:59  Roach  
  133  12:03  Roach x2  
  137  12:11  Hydralisk Den  
  136  12:19  Roach x7  
  117  12:25  Roach x2  
  117  12:27  Roach  
  123  12:30  Ravager x2  
  123  12:31  Ravager x4  
  129  12:43  Hydralisk x4  
  127  12:49  Queen  
  129  12:52  Hydralisk x2  
  129  12:53  Hydralisk  
  135  13:03  Muscular Augments  
  135  13:06  Extractor x2  
  132  13:24  Roach  
  132  13:25  Roach x9  
  140  13:27  Overlord  
  140  13:39  Ravager  
  140  13:40  Overlord, Ravager  
  142  13:42  Roach  
  142  13:43  Roach x2  
  118  13:57  Roach x7  
  118  13:58  Roach  
  118  14:01  Ravager  
  133  14:04  Roach x2  
  137  14:11  Roach x4  

Tags
 
Add a new tag
Caveats
  • Supply blocks, unpowered buildings, or Contaminate may cause inaccurate times.
  • Supply counts are checked every 10 seconds.